General information
- name: BNet
- type: Ladder team game (AT/RT)
- host: Battle.net
- saver: BEAR_AND
map: RiceFields
- players: 6
- length: 61:29
- speed: Fast
- version: 1.21 W3XP
- replay type:

» download(486 KB)
Players
team 1 (winner)
BEAR_AND (
teal | 86 APM | 5259 actions | 61:29)
9 Blademaster
3 Wind Walk
3 Critical Strike
1 Bladestorm
2 Mirror Image
» actions
| Assign group hotkey | 13 | |
| Basic commands | 1 | |
| Build / train | 96 | |
| Enter build submenu | 49 | |
| Enter hero's abilities submenu | 9 | |
| Give item / drop item | 13 | |
| Remove unit from queue | 2 | |
| Right click | 3503 | |
| Select / deselect | 524 | |
| Select group hotkey | 809 | |
| Use ability | 240 | |
5259 total
» units
» upgrades
| Ranged Weapons | 3 | |
| Liquid Fire | 1 | |
| Reinforced Defenses | 1 | |
| Armor | 3 | |
| Spiked Barricades | 1 | |
9 total
» buildings
| Altar of Storms | 1 | |
| Orc Burrow | 4 | |
| War Mill | 1 | |
| Watch Tower | 54 | |
| Stronghold | 1 | |
| Voodoo Lounge | 1 | |
| Beastiary | 2 | |
| Fortress | 1 | |
| Great Hall | 2 | |
67 total
» build order
00:09 Altar of Storms
00:17 Orc Burrow
00:38 War Mill
01:58 Watch Tower
02:00 Watch Tower
03:16 Watch Tower
03:17 Watch Tower
03:18 Stronghold
03:36 Voodoo Lounge
04:18 Watch Tower
04:21 Watch Tower
04:46 Orc Burrow
05:31 Watch Tower
05:34 Watch Tower
05:45 Beastiary
06:10 Beastiary
06:14 Orc Burrow
06:22 Fortress
06:26 Watch Tower
06:44 Watch Tower
07:38 Watch Tower
07:42 Orc Burrow
07:55 Watch Tower
13:35 Watch Tower
13:36 Watch Tower
13:37 Watch Tower
13:40 Watch Tower
13:41 Watch Tower
13:41 Watch Tower
15:12 Watch Tower
15:13 Watch Tower
22:22 Great Hall
22:24 Watch Tower
22:25 Watch Tower
22:26 Watch Tower
22:27 Watch Tower
22:29 Watch Tower
22:30 Watch Tower
22:31 Watch Tower
22:32 Watch Tower
23:42 Watch Tower
23:43 Watch Tower
27:53 Watch Tower
27:54 Watch Tower
27:55 Watch Tower
27:57 Watch Tower
27:58 Watch Tower
28:00 Watch Tower
28:02 Watch Tower
28:03 Watch Tower
32:04 Watch Tower
32:06 Watch Tower
32:09 Watch Tower
32:10 Watch Tower
32:11 Watch Tower
34:56 Watch Tower
56:01 Great Hall
56:04 Watch Tower
56:05 Watch Tower
56:05 Watch Tower
56:06 Watch Tower
56:09 Watch Tower
56:10 Watch Tower
56:15 Watch Tower
56:16 Watch Tower
56:17 Watch Tower
56:18 Watch Tower
» items
| Healing Salve | 3 | |
| Lesser Clarity Potion | 12 | |
| Claws of Attack +15 | 3 | |
| Orb of Lightning | 1 | |
| Scroll of Town Portal | 4 | |
| Potion of Mana | 1 | |
24 total
dirtmcWORDUP (
blue | 81 APM | 4954 actions | 61:27)
8 Warden
3 Shadow Strike
3 Blink
1 Spirit of Vengeance
1 Fan of Knives
» actions
| Assign group hotkey | 28 | |
| Basic commands | 77 | |
| Build / train | 98 | |
| ESC pressed | 6 | |
| Enter build submenu | 18 | |
| Enter hero's abilities submenu | 8 | |
| Give item / drop item | 2 | |
| Right click | 2384 | |
| Select / deselect | 360 | |
| Select group hotkey | 1434 | |
| Use ability | 539 | |
4954 total
» units
| Wisp | 33 | |
| Chimaera | 20 | |
| Hippogryph | 8 | |
61 total
» upgrades
| Nature's Blessing | 1 | |
| Corrosive Breath | 1 | |
| Ultravision | 1 | |
| Well Spring | 1 | |
| Strength of the Moon | 1 | |
| Strength of the Wild | 3 | |
| Reinforced Hides | 3 | |
11 total
» buildings
| Altar of Elders | 1 | |
| Moon Well | 9 | |
| Tree of Life | 3 | |
| Tree of Ages | 3 | |
| Ancient of Wonders | 1 | |
| Tree of Eternity | 1 | |
| Ancient of Wind | 1 | |
| Chimaera Roost | 2 | |
| Hunter's Hall | 1 | |
22 total
» build order
01:08 Altar of Elders
01:11 Moon Well
02:32 Moon Well
03:13 Moon Well
04:00 Tree of Life
05:10 Moon Well
05:52 Tree of Ages
05:52 Tree of Ages
05:52 Tree of Ages
06:16 Moon Well
07:37 Ancient of Wonders
08:15 Tree of Eternity
08:17 Ancient of Wind
10:42 Chimaera Roost
10:43 Chimaera Roost
11:53 Hunter's Hall
17:04 Moon Well
17:05 Moon Well
17:06 Moon Well
19:30 Moon Well
26:06 Tree of Life
55:16 Tree of Life
» items
| Orb of Venom | 1 | |
| Ring of Protection +5 | 1 | |
| Scroll of Town Portal | 9 | |
| Staff of Preservation | 1 | |
| Orb of Frost | 1 | |
13 total
Mata. (
green | 110 APM | 6731 actions | 61:27)
8 Mountain King
3 Storm Bolt
3 Bash
1 Avatar
1 Thunder Clap
7 Paladin
3 Holy Light
3 Divine Shield
1 Resurrection
» actions
| Assign group hotkey | 361 | |
| Basic commands | 179 | |
| Build / train | 184 | |
| ESC pressed | 4 | |
| Enter build submenu | 59 | |
| Enter hero's abilities submenu | 16 | |
| Give item / drop item | 3 | |
| Right click | 2709 | |
| Select / deselect | 1744 | |
| Select group hotkey | 1135 | |
| Use ability | 337 | |
6731 total
» units
| Peasant | 23 | |
| Mortar Team | 12 | |
| Sorceress | 4 | |
| Siege Engine | 11 | |
| Priest | 2 | |
52 total
» upgrades
| Masonry | 3 | |
| Lumber Harvesting | 1 | |
| Gunpowder | 3 | |
| Sorceress Training | 1 | |
| Fragmentation Shards | 1 | |
| Flare | 1 | |
| Barrage | 1 | |
| Priest Training | 2 | |
| Magic Sentry | 1 | |
| Plating | 1 | |
15 total
» buildings
| Altar of Kings | 1 | |
| Farm | 11 | |
| Lumber Mill | 1 | |
| Scout Tower | 42 | |
| Guard Tower | 62 | |
| Arcane Vault | 1 | |
| Arcane Tower | 2 | |
| Keep | 1 | |
| Blacksmith | 1 | |
| Town Hall | 5 | |
| Workshop | 2 | |
| Arcane Sanctum | 1 | |
| Castle | 1 | |
| Cannon Tower | 2 | |
133 total
» build order
00:09 Altar of Kings
00:20 Farm
00:38 Lumber Mill
01:05 Farm
01:34 Scout Tower
01:36 Scout Tower
02:03 Guard Tower
02:04 Guard Tower
02:36 Arcane Vault
02:38 Guard Tower
02:39 Guard Tower
02:39 Guard Tower
02:47 Scout Tower
02:48 Scout Tower
02:50 Scout Tower
03:18 Farm
03:23 Scout Tower
03:24 Scout Tower
03:25 Scout Tower
03:25 Scout Tower
03:38 Arcane Tower
03:38 Arcane Tower
03:53 Guard Tower
03:54 Guard Tower
03:57 Scout Tower
03:58 Scout Tower
04:21 Guard Tower
04:39 Keep
04:51 Guard Tower
04:55 Guard Tower
04:55 Guard Tower
04:57 Scout Tower
05:00 Scout Tower
05:26 Guard Tower
05:26 Guard Tower
05:28 Guard Tower
05:28 Guard Tower
05:39 Blacksmith
05:44 Scout Tower
05:45 Scout Tower
05:49 Scout Tower
05:50 Scout Tower
05:50 Scout Tower
06:22 Guard Tower
07:26 Town Hall
07:36 Guard Tower
07:36 Guard Tower
07:41 Workshop
07:45 Arcane Sanctum
08:13 Workshop
08:22 Scout Tower
08:23 Scout Tower
08:23 Scout Tower
08:33 Farm
09:11 Castle
09:22 Guard Tower
09:22 Guard Tower
09:23 Guard Tower
09:23 Guard Tower
09:28 Scout Tower
09:29 Scout Tower
10:07 Guard Tower
10:07 Guard Tower
10:12 Scout Tower
10:16 Scout Tower
10:17 Scout Tower
10:19 Scout Tower
10:48 Farm
10:49 Farm
11:12 Guard Tower
11:14 Scout Tower
11:14 Scout Tower
11:15 Scout Tower
11:46 Scout Tower
11:48 Guard Tower
11:48 Guard Tower
11:50 Scout Tower
12:07 Farm
12:08 Farm
12:47 Cannon Tower
12:47 Cannon Tower
12:48 Guard Tower
12:49 Guard Tower
13:20 Farm
13:28 Guard Tower
13:28 Guard Tower
15:22 Scout Tower
15:23 Scout Tower
15:24 Scout Tower
15:24 Scout Tower
15:25 Scout Tower
15:26 Scout Tower
15:46 Farm
15:47 Farm
16:10 Guard Tower
16:11 Guard Tower
16:11 Guard Tower
16:23 Guard Tower
16:24 Guard Tower
16:24 Guard Tower
17:47 Town Hall
19:02 Scout Tower
19:03 Scout Tower
19:04 Scout Tower
19:05 Scout Tower
20:24 Guard Tower
20:48 Guard Tower
20:48 Guard Tower
26:29 Town Hall
55:32 Town Hall
55:34 Town Hall
» items
| Lesser Clarity Potion | 1 | |
| Scroll of Regeneration | 1 | |
| Claws of Attack +15 | 1 | |
| Scroll of Town Portal | 10 | |
| Staff of Preservation | 1 | |
| Staff of Sanctuary | 2 | |
| Orb of Frost | 1 | |
17 total
team 2 (loser)
beli (
red | 94 APM | 5439 actions | 57:53)
8 Death Knight
3 Death Coil
3 Unholy Aura
1 Animate Dead
1 Death Pact
6 Lich
3 Frost Nova
3 Dark Ritual
6 Dreadlord
2 Sleep
3 Carrion Swarm
1 Inferno
1 Shadow Hunter
1 Hex
» actions
| Assign group hotkey | 333 | |
| Basic commands | 398 | |
| Build / train | 102 | |
| ESC pressed | 13 | |
| Enter build submenu | 16 | |
| Enter hero's abilities submenu | 22 | |
| Give item / drop item | 4 | |
| Right click | 1617 | |
| Select / deselect | 1690 | |
| Select group hotkey | 987 | |
| Use ability | 257 | |
5439 total
» units
| Acolyte | 4 | |
| Ghoul | 4 | |
| Crypt Fiend | 11 | |
| Frost Wyrm | 6 | |
25 total
» upgrades
| Creature Attack | 3 | |
| Burrow | 1 | |
| Web | 1 | |
| Freezing Breath | 2 | |
| Creature Carapace | 3 | |
10 total
» buildings
| Graveyard | 1 | |
| Crypt | 1 | |
| Altar of Darkness | 1 | |
| Ziggurat | 11 | |
| Tomb of Relics | 1 | |
| Nerubian Tower | 2 | |
| Halls of the Dead | 2 | |
| Black Citadel | 3 | |
| Sacrificial Pit | 1 | |
| Spirit Tower | 6 | |
| Boneyard | 2 | |
31 total
» build order
00:08 Graveyard
00:16 Crypt
00:34 Altar of Darkness
00:56 Ziggurat
01:08 Ziggurat
01:51 Tomb of Relics
02:16 Nerubian Tower
02:16 Nerubian Tower
04:10 Halls of the Dead
04:30 Ziggurat
04:48 Ziggurat
06:41 Black Citadel
06:41 Black Citadel
07:50 Sacrificial Pit
07:51 Spirit Tower
07:52 Spirit Tower
07:52 Spirit Tower
07:53 Ziggurat
09:33 Boneyard
09:34 Boneyard
11:56 Ziggurat
14:00 Ziggurat
14:01 Ziggurat
14:01 Ziggurat
14:20 Spirit Tower
14:52 Ziggurat
14:53 Ziggurat
16:26 Spirit Tower
16:26 Spirit Tower
» items
| Dust of Appearance | 1 | |
| Rod of Necromancy | 2 | |
| Healing Salve | 2 | |
| Lesser Clarity Potion | 3 | |
| Orb of Corruption | 1 | |
| Scroll of Healing | 1 | |
| Scroll of Town Portal | 4 | |
| Potion of Healing | 2 | |
| Potion of Mana | 4 | |
| Healing Wards | 1 | |
| Scroll of Speed | 1 | |
22 total
PaX (
purple | 71 APM | 4135 actions | 58:17)
6 Priestess of the Moon
2 Searing Arrows
3 Trueshot Aura
1 Starfall
» actions
| Assign group hotkey | 37 | |
| Basic commands | 63 | |
| Build / train | 90 | |
| Enter build submenu | 47 | |
| Enter hero's abilities submenu | 7 | |
| Give item / drop item | 4 | |
| Right click | 3252 | |
| Select / deselect | 441 | |
| Select group hotkey | 101 | |
| Use ability | 93 | |
4135 total
» units
| Wisp | 45 | |
| Huntress | 9 | |
| Faerie Dragon | 2 | |
| Archer | 14 | |
| Mountain Giant | 2 | |
72 total
» upgrades
| Nature's Blessing | 1 | |
| Improved Bows | 1 | |
| Marksmanship | 1 | |
| Hardened Skin | 1 | |
| Moon Armor | 1 | |
5 total
» buildings
| Altar of Elders | 3 | |
| Moon Well | 13 | |
| Hunter's Hall | 3 | |
| Ancient of War | 3 | |
| Ancient Protector | 9 | |
| Tree of Ages | 2 | |
| Ancient of Wonders | 2 | |
| Ancient of Wind | 1 | |
| Tree of Life | 7 | |
| Tree of Eternity | 2 | |
| Chimaera Roost | 2 | |
| Ancient of Lore | 1 | |
48 total
» build order
00:16 Altar of Elders
00:23 Moon Well
01:09 Hunter's Hall
01:39 Ancient of War
02:15 Moon Well
03:15 Ancient Protector
04:50 Moon Well
05:51 Tree of Ages
05:59 Moon Well
06:04 Ancient of Wonders
08:30 Ancient of Wind
10:27 Tree of Life
10:58 Tree of Life
11:01 Tree of Eternity
11:11 Moon Well
13:34 Chimaera Roost
13:38 Chimaera Roost
15:19 Tree of Life
15:45 Moon Well
15:48 Moon Well
15:53 Moon Well
15:56 Moon Well
19:01 Tree of Ages
19:43 Tree of Life
20:24 Altar of Elders
20:58 Tree of Life
21:27 Tree of Eternity
21:41 Altar of Elders
21:46 Ancient of War
21:49 Ancient of War
23:24 Hunter's Hall
24:29 Hunter's Hall
25:40 Ancient Protector
25:46 Ancient Protector
27:05 Ancient Protector
27:10 Ancient Protector
27:28 Ancient Protector
30:05 Ancient of Lore
30:11 Ancient of Wonders
31:41 Moon Well
31:43 Moon Well
31:45 Moon Well
32:31 Moon Well
34:02 Ancient Protector
34:48 Ancient Protector
35:11 Ancient Protector
36:54 Tree of Life
38:05 Tree of Life
» items
TurgidLeafMan (
orange | 133 APM | 8204 actions | 61:27)
5 Far Seer
3 Feral Spirit
2 Chain Lighting
5 Tauren Chieftain
3 Shockwave
2 Endurance Aura
4 Shadow Hunter
2 Healing Wave
2 Hex
» actions
| Assign group hotkey | 53 | |
| Basic commands | 4 | |
| Build / train | 119 | |
| ESC pressed | 1 | |
| Enter build submenu | 65 | |
| Enter hero's abilities submenu | 14 | |
| Give item / drop item | 3 | |
| Remove unit from queue | 1 | |
| Right click | 3609 | |
| Select / deselect | 1060 | |
| Select group hotkey | 2901 | |
| Use ability | 374 | |
8204 total
» units
| Peon | 21 | |
| Grunt | 4 | |
| Troll Witch Doctor | 7 | |
| Troll Batrider | 23 | |
| Kodo Beast | 1 | |
| Tauren | 2 | |
| Shaman | 1 | |
59 total
» upgrades
| Berserker Strength | 1 | |
| Reinforced Defenses | 1 | |
| Witch Doctor Training | 2 | |
| Berserker Upgrade | 1 | |
| Liquid Fire | 1 | |
| Shaman Training | 2 | |
| War Drums Damage Increase | 1 | |
| Pulverize | 1 | |
| Burning Oil | 1 | |
11 total
» buildings
| Altar of Storms | 1 | |
| Orc Burrow | 6 | |
| Barracks | 1 | |
| Voodoo Lounge | 2 | |
| Stronghold | 1 | |
| Great Hall | 7 | |
| Spirit Lodge | 2 | |
| Fortress | 1 | |
| War Mill | 2 | |
| Watch Tower | 44 | |
| Beastiary | 3 | |
| Tauren Totem | 2 | |
72 total
» build order
00:08 Altar of Storms
00:20 Orc Burrow
00:37 Barracks
01:34 Orc Burrow
02:40 Voodoo Lounge
03:31 Stronghold
04:00 Orc Burrow
05:47 Great Hall
05:58 Spirit Lodge
06:00 Fortress
08:12 War Mill
10:06 Great Hall
10:08 Watch Tower
10:09 Watch Tower
10:52 Watch Tower
11:30 Watch Tower
11:41 Watch Tower
13:10 Watch Tower
13:11 Watch Tower
14:05 Watch Tower
14:08 Watch Tower
14:12 Watch Tower
14:13 Watch Tower
14:50 Watch Tower
15:47 Watch Tower
16:40 Watch Tower
17:11 Watch Tower
17:33 Watch Tower
17:34 Watch Tower
17:35 Watch Tower
17:49 Watch Tower
18:11 Orc Burrow
18:18 Watch Tower
18:26 War Mill
18:33 Watch Tower
19:16 Great Hall
19:20 Watch Tower
19:22 Watch Tower
19:32 Watch Tower
19:45 Spirit Lodge
20:11 Beastiary
20:19 Watch Tower
20:22 Watch Tower
22:31 Beastiary
22:34 Watch Tower
25:00 Watch Tower
25:01 Watch Tower
25:16 Beastiary
25:45 Orc Burrow
25:46 Orc Burrow
26:10 Watch Tower
26:11 Watch Tower
26:16 Watch Tower
26:17 Watch Tower
27:50 Tauren Totem
27:56 Tauren Totem
28:51 Voodoo Lounge
33:25 Watch Tower
33:25 Watch Tower
33:26 Watch Tower
34:44 Great Hall
34:46 Watch Tower
37:56 Great Hall
37:58 Watch Tower
37:59 Watch Tower
38:00 Watch Tower
38:02 Watch Tower
46:57 Watch Tower
46:59 Watch Tower
47:04 Watch Tower
48:43 Great Hall
52:51 Great Hall
» items
| Healing Salve | 4 | |
| Scroll of Town Portal | 8 | |
| Potion of Healing | 6 | |
| Orb of Lightning | 3 | |
| Lesser Clarity Potion | 4 | |
| Claws of Attack +15 | 2 | |
| Tiny Great Hall | 1 | |
| Orb of Frost | 1 | |
29 total
Chat log
(00:16 / Allies) dirtmcWORDUP: my mouse is BROKE
(00:21 / Allies) Mata.: m2
(00:25 / Allies) dirtmcWORDUP: not moving
(00:28 / All) dirtmcWORDUP: brb pizza time
(00:38 / Allies) dirtmcWORDUP: the light aint on
(00:41 / Allies) dirtmcWORDUP: please keep pausng
(00:43 / All) dirtmcWORDUP: one sec plz
(00:45 / All) BEAR_AND: please wait
(00:49 / All) TurgidLeafMan: lol beli is heated at u for bm pause :P
(01:14 / All) dirtmcWORDUP: ty pizza done ding dong
(01:24 / All) dirtmcWORDUP: who is that at my door is it pizza guy no its u bad manner noobs
(01:31 / All) beli: FUCK YOURETARD
(01:34 / Allies) dirtmcWORDUP: i take my bat out and bonk u on head *badoink x 3*
(01:52 / All) BEAR_AND: i take my bat out and bonk u on head *badoink* x3
(02:22 / Allies) BEAR_AND: timg get chims for P-Creep
(02:25 / Allies) dirtmcWORDUP: yase
(03:04 / All) dirtmcWORDUP: matha Ć’uckas!
(03:29 / All) BEAR_AND: *poog*
(03:56 / Allies) Mata.: noobz
(04:33 / All) dirtmcWORDUP: cya mwahz
(05:06 / Allies) Mata.: sharebear
(08:16 / Allies) Mata.: what did knight1 do
(08:20 / Allies) dirtmcWORDUP: wants to 4s
(14:12 / All) BEAR_AND: boom
(14:15 / All) BEAR_AND: good repair
(15:14 / All) Mata.: GG
(15:15 / Allies) Mata.: LEAVE
(15:17 / All) Mata.: LEAVE
(15:19 / All) TurgidLeafMan: it is?
(15:20 / All) TurgidLeafMan: rofl
(17:08 / All) dirtmcWORDUP: leave trash
(17:12 / All) TurgidLeafMan: k
(17:18 / All) BEAR_AND: get out
(27:56 / All) dirtmcWORDUP: leave plz
(27:59 / All) beli: STFU
(28:07 / All) Mata.: you lost a long time ago so when you gonna leave
(29:02 / All) Mata.: GG
(29:05 / All) BEAR_AND: kaBLAM
(29:07 / All) dirtmcWORDUP: leav etrash
(29:08 / All) BEAR_AND: !!!!!!!!!!!!!!!!!
(29:57 / All) dirtmcWORDUP: buh byez~
(37:11 / Allies) dirtmcWORDUP: inc
(37:15 / All) dirtmcWORDUP: u are dismissed
(39:23 / All) dirtmcWORDUP: LOL
(42:36 / All) dirtmcWORDUP: STOP LAGGING
(42:38 / All) dirtmcWORDUP: 1!!!!
(46:07 / Allies) dirtmcWORDUP: gold me
(49:49 / All) dirtmcWORDUP: good bye
(53:57 / All) dirtmcWORDUP: bye
(53:58 / All) BEAR_AND: BYE
(54:01 / All) Mata.: GG
(54:03 / All) BEAR_AND: get out
(54:08 / All) BEAR_AND: leav emy presence *poog&
(55:09 / All) BEAR_AND: u may leave
(55:26 / All) BEAR_AND: nah
(55:52 / All) Mata.: ur a funny man ;)
(56:06 / All) dirtmcWORDUP: bye
(56:11 / All) dirtmcWORDUP: cya LOL
(57:00 / All) BEAR_AND: ur wisp are g0ne
(57:22 / All) TurgidLeafMan: well we can still stay and make u actually finish it ^^
(57:28 / All) TurgidLeafMan: u just talk way too much
(57:29 / All) BEAR_AND: hgahgahahhahahahahah failure
(58:03 / All) Mata.: gg noobs :D
(58:06 / All) dirtmcWORDUP: LOL!
(58:07 / All) dirtmcWORDUP: gg
(58:30 / All) TurgidLeafMan: uve done a terrible job of convincing me that u actually have enough skil to call me a noob
(58:31 / All) TurgidLeafMan: lol
(58:35 / All) TurgidLeafMan: but do continue
(58:36 / All) dirtmcWORDUP: 1v1?
(58:37 / All) Mata.: i just owned you
(58:38 / All) Mata.: so
(58:38 / All) BEAR_AND: u've done a terrible job winning
(58:41 / All) TurgidLeafMan: if it makes u feel big again
(58:51 / All) BEAR_AND: leave begone noob
(58:52 / All) TurgidLeafMan: we never said we would ^^
(58:55 / All) TurgidLeafMan: nope
(58:59 / All) TurgidLeafMan: ill let u finish it
(59:01 / All) dirtmcWORDUP: class is dismissed
(59:03 / All) dirtmcWORDUP: buh byes
(59:09 / All) TurgidLeafMan: 'k'
(59:24 / All) dirtmcWORDUP: cyaz what clan u in
(61:10 / All) dirtmcWORDUP: cyaz lol
(61:17 / All) BEAR_AND: big fat noop
(61:19 / All) dirtmcWORDUP: buh byez *mwahz*
(61:25 / All) BEAR_AND: so much pwnage.......